 Dungeon Crawl Stone Soup version 0.22-a0-406-g9ff8d77 (webtiles) character file.

244 Borgoz the Cudgeler (level 6, -1/37 HPs)
             Began as a Gargoyle Gladiator on May 8, 2018.
             Slain by an orc wizard
             ... wielding a +0 dagger
              (2 damage)
             ... on level 3 of the Dungeon.
             The game lasted 00:12:07 (3819 turns).

Borgoz the Cudgeler (Gargoyle Gladiator)            Turns: 3819, Time: 00:12:08

Health: -1/37      AC: 15    Str: 17 (18) XL:     6   Next: 10%
Magic:  6/6        EV: 12    Int:  7 (10) God:
Gold:   176        SH:  0    Dex: 11 (13) Spells: 5/5 levels left

rFire    . . .     SeeInvis .   p - -2 whip (curse)
rCold    . . .     Gourm    .   (no shield)
rNeg     + . .     Faith    .   e - +0 ring mail (curse)
rPois    ∞         Spirit   .   c - +1 helmet
rElec    +         Reflect  .   (no cloak)
rCorr    .         Harm     .   (no gloves)
MR       .....                  h - +2 pair of boots
Stlth    +.........             n - amulet of inaccuracy (curse)
HPRegen  0.12/turn              (no ring)
MPRegen  0.10/turn              (no ring)

@: no status effects
A: clever 1, negative energy resistance 1, electricity resistance, unbreathing,
evolution 1, petrification resistance, rot immunity, AC +4
a: no special abilities


You were on level 3 of the Dungeon.
You were very hungry.

You visited 1 branch of the dungeon, and saw 4 of its levels.

You collected 176 gold pieces.

Inventory:

Hand Weapons
 a - a +0 flail
 p - a cursed -2 whip (weapon)
 q - a +3 quarterstaff of chaos
Missiles
 d - 3 throwing nets (quivered)
Armour
 c - a +1 helmet (worn)
 e - a cursed +0 ring mail (worn)
 h - a +2 pair of boots (worn)
Jewellery
 n - a cursed amulet of inaccuracy (around neck)
Scrolls
 b - 2 scrolls of enchant armour
 i - 2 scrolls of amnesia
Potions
 j - a potion of degeneration
 k - 3 potions of haste
 l - a potion of ambrosia {unknown}
 o - a potion of agility
Comestibles
 f - 6 rations


   Skills:
 + Level 3.6 Fighting
 * Level 4.7 Maces & Flails
 - Level 1.7 Throwing
 + Level 2.4 Armour
 + Level 3.3 Dodging


You had 5 spell levels left.
You didn't know any spells.

Dungeon Overview and Level Annotations

Branches:
Dungeon (4/15)
 Temple: D:4-7

Altars:
Dithmenos
Fedhas
Kikubaaqudgha
Qazlal
Ru
Xom
Zin


Innate Abilities, Weirdness & Mutations

You are resistant to torment.
Your stone body is resilient. (AC +4)
You are immune to poison.
You resist negative energy. (rN+)
You are resistant to electric shocks. (rElec)
You can survive without breathing.
You are immune to petrification.
You are immune to rotting.
Your mind is acute. (Int +2)
You evolve.


Message History

You hit the orc wizard.
The orc wizard is almost dead.
The orc wizard casts a spell at you. The puff of flame hits you!
* * * LOW HITPOINT WARNING * * *
You closely miss the orc wizard.
The orc wizard is almost dead.
The orc wizard misses you.
The orc wizard hits you but does no damage.
It was a potion of degeneration.
There was something very wrong with that liquid.
You feel weakened.
You feel dopey.
You feel clumsy. The orc wizard casts a spell at you.
The puff of frost hits you!
* * * LOW HITPOINT WARNING * * *
It was a potion of mutation.
You feel extremely strange.
You feel nature experimenting on you.
Don't worry, failures die fast.
You feel frail.
You feel robust.
You feel clever. The orc wizard hits you with a dagger.
You die...

.........)........#
(##.##.###...#.##.#
.##.##.###...#.##.#
.##.##.##....#.##.#
###.##.##.##.#.##.#
#.##.##.##.#.##.#
#.##.##.##.#.##.#
#............##.#
###.#..........o@.#
....#.###.##.######
....#.....##.#
.#######..##.#
....#....###.#
###.#.######.#
....#........#
###...########
#####


You could see an orc wizard.

Vanquished Creatures
  Crazy Yiuf (D:2)
  Jessica (D:2)
  An iguana (D:4)
  Terence (D:2)
  4 adders
  An ooze (D:3)
  An adder skeleton (D:4)
  5 worms
  2 dart slugs
  3 leopard geckos
  6 orcs
  4 giant cockroaches
  9 goblins
  7 hobgoblins
  2 jackals (D:3)
  11 kobolds
  A quokka (D:3)
  4 bats
  4 frilled lizards
  7 rats
75 creatures vanquished.

Notes
Turn   | Place    | Note
-------+----------+-------------------------------------------
     0 | D:1      | Borgoz the Gargoyle Gladiator began the quest for the Orb.
     0 | D:1      | Reached XP level 1. HP: 12/12 MP: 1/1
   233 | D:1      | Reached XP level 2. HP: 15/18 MP: 2/2
   540 | D:1      | Reached skill level 1 in Armour
   808 | D:2      | Reached XP level 3. HP: 22/22 MP: 3/3
  1024 | D:2      | Found a blossoming altar of Fedhas.
  1045 | D:2      | Noticed Terence
  1065 | D:2      | Killed Terence
  1065 | D:2      | Reached XP level 4. HP: 21/27 MP: 4/4
  1087 | D:2      | Found a stormy altar of Qazlal.
  1190 | D:2      | Reached skill level 4 in Maces & Flails
  1453 | D:2      | Found a shadowy altar of Dithmenos.
  1507 | D:2      | Noticed Jessica
  1535 | D:2      | Killed Jessica
  1535 | D:2      | Reached XP level 5. HP: 32/32 MP: 5/5
  1667 | D:2      | Found a runed door.
  1671 | D:2      | Noticed Crazy Yiuf
  1828 | D:2      | Killed Crazy Yiuf
  2394 | D:3      | Found a sacrificial altar of Ru.
  2394 | D:3      | Found an ancient bone altar of Kikubaaqudgha.
  2952 | D:3      | Found a shimmering altar of Xom.
  3532 | D:4      | Reached XP level 6. HP: 17/37 MP: 6/6
  3704 | D:4      | Found a glowing silver altar of Zin.
  3818 | D:3      | HP: 1/37 [orc wizard/puff of frost (4)]
  3819 | D:3      | Gained mutation: You evolve. [potion of mutation]
  3819 | D:3      | Gained mutation: You are frail. (-10% HP) [potion of mutation]
  3819 | D:3      | Lost mutation: You are frail. (-10% HP) [potion of mutation]
  3819 | D:3      | Gained mutation: Your mind is acute. (Int +2) [potion of mutation]
  3819 | D:3      | Slain by an orc wizard

Vault maps used:
D:1:      lemuel_arrival_river_bridge, serial_bayou_pond_d
D:2:      grunt_temple_overflow_forces_of_nature, marbit_many_paths,
          minmay_pentomino_r4, uniq_terence, uniq_crazy_yiuf_cottage,
          uniq_jessica
D:3:      lemuel_doored_altar, amethyst_overflow_temple_binary, first_ration
D:4:      kennysheep_mini_moat, zin_scriptorium

Skill      XL: |  1  2  3  4  5 |
---------------+----------------+-----
Armour         | 1 2 |  2.4
Fighting       | 3 |  3.6
Maces & Flails | 4 |  4.7
Dodging        | 3 |  3.3
Throwing       | |  1.7

Action                   |  1- 3 |  4- 6 || total
-------------------------+-------+-------++-------
Melee: Flail             |   110 |       ||   110
       Whip              |    19 |   574 ||   593
       Unarmed           |       |     3 ||     3
  Use: Scroll            |     4 |     2 ||     6
       Potion            |       |     4 ||     4
  Eat: Chunk             |     1 |     8 ||     9
Armor: Leather armour    |    35 |       ||    35
       Ring mail         |    35 |   213 ||   248
Dodge: Dodged            |    89 |   274 ||   363

Table legend:
 A = Spawn XP
 B = Non-spawn XP
 C = Spawn XP percentage of total XP
 D = Spawn monster count
 E = Non-spawn monster count
 F = Spawn count percentage of total count
 G = Total turns spent on level
                    A         B        C        D         E        F      G
               +---------+---------+-------+---------+---------+-------+---------
         Total |       0 |     349 |   0.0 |       0 |      75 |   0.0 |  3819
               +---------+---------+-------+---------+---------+-------+---------
           D:1 |       0 |      32 |   0.0 |       0 |      18 |   0.0 |   793
           D:2 |       0 |     193 |   0.0 |       0 |      28 |   0.0 |  1317
           D:3 |       0 |      65 |   0.0 |       0 |      24 |   0.0 |  1238
           D:4 |       0 |      59 |   0.0 |       0 |       5 |   0.0 |   471
               +---------+---------+-------+---------+---------+-------+---------
